 Dungeon Crawl Stone Soup version 0.24-a0-520-g8fd06ad (webtiles) character file.

Game seed: 1156455165007347946

4453 Spazmo the Thaumaturge (level 10, -8/50 HPs)
             Began as a Deep Elf Wizard on July 24, 2019.
             Was a Follower of Kikubaaqudgha.
             Mangled by a two-headed ogre
             ... wielding a +0 giant spiked club
              (17 damage)
             ... on level 9 of the Dungeon.
             The game lasted 00:30:16 (9360 turns).

Spazmo the Thaumaturge (Deep Elf Wizard)            Turns: 9360, Time: 00:30:17

Health: -8/50      AC: 14    Str:  7    XL:     10   Next: 15%
Magic:  2/27       EV: 13    Int: 27    God:    Kikubaaqudgha [*.....]
Gold:   459        SH:  7    Dex: 13    Spells: 21/32 levels left

rFire    + + .     SeeInvis .   y - staff of summoning
rCold    . . .     Gourm    .   o - +2 buckler
rNeg     . . .     Faith    .   n - +2 robe {rF+}
rPois    .         Spirit   .   b - +0 hat
rElec    .         Reflect  .   (no cloak)
rCorr    .         Harm     .   K - +0 pair of gloves
MR       +....                  h - +2 pair of boots
Stlth    ++........             E - amulet of regeneration
HPRegen  0.56/turn              m - ring of protection from fire
MPRegen  0.20/turn              v - +3 ring of strength

@: about to teleport
A: icy blue scales 1, iridescent scales 1, thin metallic scales 1, blink
a: Blink, Receive Corpses, Renounce Religion


You were on level 9 of the Dungeon.
You worshipped Kikubaaqudgha.
Kikubaaqudgha was aware of your devotion.
You were not hungry.

You visited 2 branches of the dungeon, and saw 10 of its levels.
You also visited: Ossuary.

You collected 477 gold pieces.
You spent 18 gold pieces at shops.

Inventory:

Hand Weapons
 t - a +1 dagger of venom
 B - the cursed +0 whip "Olec Bil" {slash, *Corrode rElec Int+2 SInv, unknown}
   (You found it on level 9 of the Dungeon)

   It inflicts extra damage upon your enemies.
   It affects your intelligence (+2).
   It insulates you from electricity.
   It lets you see invisible.
   It may corrode you when you take damage.
   It has a curse placed upon it.
Missiles
 i - 205 stones (quivered)
Armour
 b - a +0 hat (worn)
 h - a +2 pair of boots (worn)
 n - a +2 robe of fire resistance (worn)
 o - a +2 buckler (worn)
 K - a +0 pair of gloves (worn)
Magical Staves
 y - an uncursed staff of summoning (weapon)
Jewellery
 m - a ring of protection from fire (left hand)
 v - a +3 ring of strength (right hand)
 E - an amulet of regeneration (around neck)
Wands
 c - a wand of iceblast (11)
 F - a wand of disintegration (17)
Scrolls
 l - 9 scrolls of remove curse
 r - 2 scrolls of teleportation
 s - 4 scrolls of identify
 w - a scroll of fog
 x - 2 scrolls of amnesia
 D - a scroll of fear {unknown}
 G - a scroll of blinking
 H - a scroll of holy word {unknown}
 I - a scroll of enchant armour {unknown}
 J - a scroll of enchant weapon {unknown}
Potions
 a - a potion of berserk rage
 e - 3 potions of flight
 f - 5 potions of curing
 g - a potion of cancellation
 j - 4 potions of might
 k - a potion of magic
 p - a potion of mutation
 q - 2 potions of resistance
 u - a potion of agility
 z - a potion of brilliance
 A - 2 potions of haste
 C - a potion of ambrosia
Comestibles
 d - 10 rations
 L - a chunk of flesh


   Skills:
 - Level 2.4 Dodging
 - Level 2.4 Stealth
 - Level 4.0 Shields
 - Level 11.7 Spellcasting
 - Level 9.4 Conjurations
 - Level 1.1 Summonings
 + Level 8.3 Necromancy
 - Level 1.1 Translocations


You had 21 spell levels left.
You knew the following spells:

 Your Spells              Type           Power        Failure   Level  Hunger
a - Magic Dart            Conj           ####         1%          1    None
b - Blink                 Tloc           N/A          3%          2    None
c - Call Imp              Summ           ####....     3%          2    None
d - Mephitic Cloud        Conj/Pois/Air  ####....     3%          3    None
e - Animate Skeleton      Necr           N/A          1%          1    None
f - Sublimation of Blood  Necr           ######....   1%          2    None

Your spell library contained the following spells:

 Spells                   Type           Power        Failure   Level  Hunger
 Pain                     Necr           ####         1%          1    None
 Conjure Flame            Conj/Fire      #####...     1%          3    None
 Vampiric Draining        Necr           ######....   1%          3    None
 Slow                     Hex            ###.....     5%          2    None


Dungeon Overview and Level Annotations

Branches:
Dungeon (9/15)             Temple (1/1) D:6
   Lair: D:8-11         Orc: D:9-12

Altars:
Ashenzari
Dithmenos
Fedhas
Hepliaklqana
Kikubaaqudgha
Qazlal
Ru
Trog
Uskayaw
Vehumet
Wu Jian
Xom
Zin

Shops:
D:5 :   D:8 [

Annotations:
D:4 2 transporters, danspanner's ghost, amateur CeHu


Innate Abilities, Weirdness & Mutations

You are partially covered in icy blue scales. (AC +2)
You are partially covered in iridescent scales. (AC +2)
You are partially covered in thin metallic scales. (AC +2)
You can translocate small distances at will.


Message History

* * * LOW HITPOINT WARNING * * *
Casting: Call Imp (safe; 3% risk of failure)
Confirm with . or Enter, or press ? or * to list all spells.
Aiming: Magic Dart (safe; 1% risk of failure)
Press: ? - help, Shift-Dir - straight line, f - howler monkey
Aim: a howler monkey (heavily wounded)
The magic dart hits the howler monkey.
The howler monkey is severely wounded.
You hear the faint creaking of a portcullis nearby.
You block the hog's attack. You block the human's attack.
You block the hound's attack. The howler monkey closely misses you.
The hog closely misses you. The orc hits you but does no damage.
The human hits you but does no damage. The hound bites you but does no damage.
You block the howler monkey's attack.
A shadow imp comes into view.
As you read the scroll of teleportation, it crumbles to dust.
You feel strangely unstable. The hound bites you but does no damage.
The two-headed ogre hits you with a +0 giant spiked club!
You die...
Kikubaaqudgha rasps: "You have failed me!
Welcome... death!"

#### #... .....
#.... #..... #####
#.....##...# #
...........#####'##
..................#
###...##..@Oo......
#.. #.hph.##...J
... ##..hgo##..o.
... #...Jgo.5..# .#
##.....J...#
#####'##..+....
..##..#...#
......##..#
......##..#


You could see a two-headed ogre, a hog, a human, an orc warrior, a howler
monkey, a hound, 2 jellies, a shadow imp, 2 orcs and 2 goblins.

Vanquished Creatures
  Pikel (D:6)
  2 hippogriffs
  Eustachio (D:6)
  A black bear (D:6)
  2 ice beasts (D:7)
  An orc warrior (D:8)
  2 phantoms
  A slave (D:6)
  4 ogres
  2 wolves (D:8)
  A big kobold (D:7)
  5 bullfrogs
  2 scorpions
  4 jellies
  4 howler monkeys
  2 crimson imps
  2 centaur zombies (Ossuary)
  2 hounds
  3 bullfrog skeletons
  A human zombie (Ossuary)
  3 orc priests (D:7)
  2 orc wizards
  4 iguanas
  10 worker ants
  2 killer bee zombies
  A big kobold zombie (Ossuary)
  A hound skeleton (D:4)
  4 mummies
  A worker ant zombie (D:5)
  12 gnolls
  9 adders
  2 shadow imps
  An ooze (D:3)
  2 adder skeletons
  A worm (D:2)
  2 dart slugs
  7 leopard geckos
  15 orcs
  3 bats
  5 giant cockroaches
  3 goblins
  5 hobgoblins
  8 jackals
  10 kobolds
  9 quokkas
  5 ball pythons
  6 frilled lizards
  A gnoll zombie (Ossuary)
  A goblin zombie (Ossuary)
  2 hobgoblin zombies (Ossuary)
  A jackal zombie (D:8)
  2 quokka skeletons
  2 quokka zombies
  5 rats
190 creatures vanquished.

Vanquished Creatures (collateral kills)
  A hippogriff (D:7)
  Grum (D:8)
  An ice beast (D:5)
  A phantom (D:8)
  A wolf (D:8)
  A big kobold (D:7)
  A scorpion (D:8)
  A crimson imp (D:8)
  A hound (D:8)
  A hound skeleton (D:8)
  5 gnolls
15 creatures vanquished.

Grand Total: 205 creatures vanquished

Notes
Turn   | Place    | Note
-------+----------+-------------------------------------------
     0 | D:1      | Spazmo the Deep Elf Wizard began the quest for the Orb.
     0 | D:1      | Reached XP level 1. HP: 10/10 MP: 7/7
   170 | D:1      | Reached XP level 2. HP: 15/15 MP: 5/9
   174 | D:1      | Learned a level 2 spell: Blink
   177 | D:1      | Learned a level 2 spell: Call Imp
   407 | D:1      | Reached skill level 5 in Spellcasting
   772 | D:2      | Reached XP level 3. HP: 16/19 MP: 4/11
   777 | D:2      | Learned a level 3 spell: Mephitic Cloud
  1097 | D:2      | Reached XP level 4. HP: 18/24 MP: 4/13
  1381 | D:2      | Reached skill level 6 in Spellcasting
  1839 | D:3      | Reached XP level 5. HP: 28/28 MP: 12/15
  2629 | D:4      | Found a transporter.
  2643 | D:4      | Noticed danspanner's ghost (amateur CeHu)
  2663 | D:4      | Found a transporter.
  2672 | D:4      | Reached skill level 7 in Spellcasting
  2832 | D:4      | Noticed an ogre
  2837 | D:4      | Reached XP level 6. HP: 32/32 MP: 12/18
  2862 | D:4      | Reached skill level 1 in Shields
  3003 | D:4      | Reached skill level 5 in Conjurations
  3166 | D:5      | Entered Level 5 of the Dungeon
  3333 | D:5      | Reached XP level 7. HP: 29/36 MP: 3/20
  3624 | D:5      | Reached skill level 8 in Spellcasting
  3766 | D:5      | Found a sand-covered staircase.
  3792 | Ossuary  | Entered an ossuary
  4116 | Ossuary  | Gained mutation: You are partially covered in iridescent
                  | scales. (AC +2) [potion of mutation]
  4116 | Ossuary  | Gained mutation: You are partially covered in icy blue
                  | scales. (AC +2) [potion of mutation]
  4116 | Ossuary  | Gained mutation: You are partially covered in thin metallic
                  | scales. (AC +2) [potion of mutation]
  4116 | Ossuary  | Gained mutation: You can translocate small distances at
                  | will. [potion of mutation]
  4421 | D:5      | Found Caschuj's Book Shoppe.
  4925 | D:5      | Reached XP level 8. HP: 41/41 MP: 13/22
  5030 | D:6      | Noticed Eustachio
  5032 | D:6      | Reached skill level 9 in Spellcasting
  5042 | D:6      | Killed Eustachio
  5659 | D:6      | Reached skill level 10 in Spellcasting
  5809 | D:6      | Noticed Pikel
  6027 | D:6      | Killed Pikel
  6027 | D:6      | Reached XP level 9. HP: 36/45 MP: 5/25
  6455 | D:6      | Found a staircase to the Ecumenical Temple.
  6464 | Temple   | Entered the Ecumenical Temple
  6487 | Temple   | Became a worshipper of Kikubaaqudgha
  6556 | D:7      | Reached skill level 11 in Spellcasting
  7314 | D:7      | Reached * piety under Kikubaaqudgha
  7314 | D:7      | Identified Kikubaaqudgha's Handbook of Black Secrets
                  | (Kikubaaqudgha gifted it to you on level 7 of the Dungeon)
  7314 | D:7      | Received a gift from Kikubaaqudgha
  7321 | D:7      | Learned a level 1 spell: Animate Skeleton
  7324 | D:7      | Learned a level 2 spell: Sublimation of Blood
  7451 | D:7      | Reached skill level 1 in Necromancy
  8036 | D:7      | You fall into a shaft and drop 1 floor!
  8189 | D:8      | Found Tedway's Armour Boutique.
  8196 | D:8      | Bought a cursed +0 pair of gloves for 18 gold pieces
  8244 | D:8      | Reached skill level 5 in Necromancy
  8271 | D:8      | Found a shimmering altar of Xom.
  8402 | D:8      | Noticed Grum
  8410 | D:8      | Killed Grum
  8456 | D:8      | Reached XP level 10. HP: 44/50 MP: 19/27
  9342 | D:9      | Got an encrusted whip
  9349 | D:9      | Noticed a two-headed ogre
  9360 | D:9      | Mangled by a two-headed ogre

Levels and vault maps discovered:
D:1:      shiori_arrival_oz, layout_basic, feat_on_display
D:2:      layout_basic, dk_noncrumbling_4
D:3:      layout_rooms, first_ration, kennysheep_small_spiral,
          kennysheep_cross_bottleneck, chequers_serial_rivers_marsh
D:4:      layout_rooms, gammafunk_ghost_stat_death
D:5:      minmay_clustersquares, layout_loops_cross, gup_ossuary_entry_pyramid,
          serial_shops, shop, minmay_misc_feat_alley
D:6:      layout_rooms, temple_hall, minmay_strange_pillars, uniq_pikel,
          uniq_eustachio
D:7:      layout_basic
D:8:      layout_basic, kennysheep_mini, serial_shops, shop, uniq_grum
D:9:      layout_gridville, enter_bailey_3, grunt_livestock
Temple:   compressed_dpeg_triangle_lava_temple

Skill      XL: |  1  2  3  4  5  6  7  8  9 10 |
---------------+-------------------------------+-----
Conjurations   | 2 3 4 5 6 8 9 |  9.4
Spellcasting   | 5 6 7 8 10 11 | 11.7
Shields        | 1 3 4 |  4.0
Necromancy     | 7 8 |  8.3
Dodging        | |  2.4
Stealth        | |  2.4
Summonings     | |  1.1
Translocations | |  1.1

Action                   |  1- 3 |  4- 6 |  7- 9 | 10-12 || total
-------------------------+-------+-------+-------+-------++-------
Melee: Dagger            |       |     5 |    14 |       ||    19
       Staff             |       |       |    11 |     7 ||    18
Throw: Stone             |       |       |     1 |       ||     1
 Cast: Magic Dart        |    79 |   167 |   502 |    79 ||   827
       Mephitic Cloud    |       |     3 |    15 |     5 ||    23
       Call Imp          |       |       |    14 |     2 ||    16
       Blink             |       |       |     5 |       ||     5
       Animate Skeleton  |       |       |    11 |     3 ||    14
  Use: Scroll            |     2 |     9 |     8 |     2 ||    21
       Potion            |       |     2 |     5 |     2 ||     9
 Stab: Confused          |       |     2 |       |       ||     2
  Eat: Chunk             |       |     7 |     5 |     3 ||    15
       Ration            |       |       |     3 |       ||     3
Armor: Robe              |     3 |     4 |   105 |    37 ||   149
Dodge: Dodged            |     6 |    18 |   155 |    42 ||   221
Block: Buckler           |       |     3 |    84 |    39 ||   126

Table legend:
 A = Non-vault XP
 B = Vault XP
 C = Vault XP percentage of total XP
 D = Non-vault monster count
 E = Vault monster count
 F = Vault count percentage of total count
                 A         B        C        D         E       F
            +---------+---------+-------+---------+---------+-------
      Total |    4831 |    1531 |  24.1 |     177 |      27 |  13.2
            +---------+---------+-------+---------+---------+-------
        D:1 |      24 |       4 |  14.3 |      14 |       2 |  12.5
        D:2 |     151 |       0 |   0.0 |      25 |       0 |   0.0
        D:3 |      45 |       0 |   0.0 |      15 |       0 |   0.0
        D:4 |     377 |       0 |   0.0 |      25 |       0 |   0.0
        D:5 |     748 |     170 |  18.5 |      21 |       8 |  27.6
        D:6 |     646 |     765 |  54.2 |      16 |       2 |  11.1
        D:7 |    1333 |       0 |   0.0 |      37 |       0 |   0.0
        D:8 |    1224 |     382 |  23.8 |      19 |       4 |  17.4
        D:9 |     283 |       0 |   0.0 |       5 |       0 |   0.0
    Ossuary |       0 |     210 | 100.0 |       0 |      11 | 100.0
            +---------+---------+-------+---------+---------+-------
